 Dungeon Crawl Stone Soup version 0.28-a0-199-g298df9dbad (webtiles) character file.

Game seed: 18013111754892950578

1 gruber the Magician (level 1, 5/15 HPs)
             Began as a Djinni Ice Elementalist on Aug 19, 2021.
             Quit the game on level 1 of the Dungeon.
             The game lasted 00:00:18 (47 turns).

gruber the Magician (Djinni Ice Elementalist)         Turns: 47, Time: 00:00:18

Health: 5/15       AC:  2    Str:  7    XL:     1   Next: 22%
Gold:   0          EV: 12    Int: 16    God:
                   SH:  0    Dex: 13

rFire   + + .      SeeInvis .   (no weapon)
rCold   x . .      Faith    .   (no shield)
rNeg    . . .      Spirit   .   a - +0 robe
rPois   ∞          Reflect  .   (no helmet)
rElec   .          Harm     .   (no cloak)
rCorr   .          Rampage  .   (no gloves)
Will    .....                   (boots unavailable)
Stlth   ++........              (no amulet)
HPRegen 0.05/turn               (no ring)
MPRegen 0.00/turn               (no ring)

@: flying
A: sickness immunity, fire resistance 2, cold vulnerability 1, float, innate
caster, hp casting, extra vitality 1
a: no special abilities


You were on level 1 of the Dungeon.
You visited 1 branch of the dungeon, and saw 1 of its levels.

Inventory:

Armour
 a - a +0 robe (worn)


   Skills:
 - Level 2.1 Dodging
 - Level 1.5 Stealth
 + Level 3.3 Spellcasting


You couldn't memorise any spells.
You knew the following spells:

 Your Spells              Type           Power      Damage    Failure   Level
a - Freeze                Ice            52%        1d7       4%          1
b - Frozen Ramparts       Ice            26%        1d4       14%         3
c - Ozocubu's Armour      Ice            13%        N/A       14%         3
d - Hailstorm             Conj/Ice       13%        3d5       43%         4
Your spell library was empty.

Dungeon Overview and Level Annotations

Branches:
Dungeon (1/15)

Altars:


Innate Abilities, Weirdness & Mutations

You are immune to sickness and miasma.
You are immune to poison.
Your flesh is very heat resistant. (rF++)
You are vulnerable to cold. (rC-)
You float through the air rather than walking.
You learn spells naturally, not from books.
Your magical power is your life essence.
You have superior vitality. (+4 HP)


Message History

There is an open door here.
A goblin is nearby!
A goblin is nearby!
An endoplasm comes into view.
A frilled lizard and a quokka come into view.
The goblin shouts!
The frilled lizard hisses angrily.
An endoplasm comes into view.
The frilled lizard closely misses you.
The endoplasm quivers. x2
You hit the frilled lizard.
You kill the frilled lizard!
A ball python comes into view.
You freeze the goblin.
You kill the goblin!
The ball python hisses angrily.
You miscast Freeze.
You are very lightly contaminated with residual magic.
Nothing appears to happen.
The quokka closely misses you. The quokka misses you.
The quokka closely misses you. The endoplasm barely misses you.
The quokka bites you but does no damage.
The quokka misses you.
Your magical contamination has completely faded away.
Found 18 stones.
A kobold comes into view. It is wielding a +0 short sword.
The kobold shouts!
You hear a shout!
A giant cockroach comes into view.
A hobgoblin comes into view.
The hobgoblin closely misses you.
The kobold hits you with a +0 short sword.
The giant cockroach misses you.
Found 23 stones.
The giant cockroach closely misses you. The kobold misses you.
The giant cockroach bites you but does no damage.
The kobold hits you with a +0 short sword.
The kobold hits you with a +0 short sword.
A rat comes into view.
An endoplasm comes into view.
The giant cockroach bites you. The giant cockroach misses you.
Are you sure you want to abandon this character and quit the game? (Confirm with "yes".)

###### #.(...# ####
#.J..# #.....#####...
#....# #.........J.#.
#....###Sr##+###+###'
#....J.g..# #...#..
#..r.##J(.# #≈.≈#..
#...g##...#. #≈.≈#.≈
#...B##.###.. #≈.≈#≈≈
#...@##.# #...#≈.≈#≈≈
#######.# #...#≈.≈#≈.
#.# #...#...#.. #..
#..........
#..........
#..........
#..........
#.....<....
#..........


You could see 2 endoplasms, a giant cockroach, a hobgoblin and a rat.

Vanquished Creatures
  A frilled lizard (D:1)
  A goblin (D:1)
2 creatures vanquished.

Notes
Turn   | Place    | Note
-------+----------+-------------------------------------------
     0 | D:1      | gruber the Djinni Ice Elementalist began the quest for the
                  | Orb.
     0 | D:1      | Reached XP level 1. HP: 15/15 MP: 0/0
    47 | D:1      | Quit the game

Illustrated notes

Levels and vault maps discovered:
D:1:      lightli_arrival_quake, layout_rooms, serial_shops, shop

Action                   || total
-------------------------++-------
Melee: Unarmed           ||     1
 Cast: Freeze            ||     1
Armor: Robe              ||     2
Dodge: Dodged            ||    11

Table legend: (Time is in decaauts)
 A = Elapsed time spent in this place.
 B = Non-inter-level travel time spent in this place.
 C = Inter-level travel time spent in this place.
 D = Time resting spent in this place.
 E = Time spent auto-exploring this place.
 F = Levels seen in this place.
 G = Mean time per level.
                   A        B        C        D        E       F      G
               +--------+--------+--------+--------+--------+-----+--------+
         Total |     47 |     47 |      0 |      0 |     15 |   1 |   47.0 |
       Dungeon |     47 |     47 |      0 |      0 |     15 |   1 |   47.0 |
               +--------+--------+--------+--------+--------+-----+--------+

Top non-repeatable levels by time:
     D:1: 47 daAuts
